 Dungeon Crawl Stone Soup version 0.28-a0-21-gf74fda84f9 (webtiles) character file.

Game seed: 7331354408251704285

305 tilp the Scratcher (level 6, -1/26 HPs)
             Began as a Felid Hedge Wizard on July 26, 2021.
             Slain by a centaur (3 damage)
             ... on level 4 of the Dungeon.
             The game lasted 00:10:50 (6233 turns).

tilp the Scratcher (Felid Hedge Wizard)             Turns: 6233, Time: 00:10:50

Health: -1/26      AC:  2    Str:  6    XL:     6   Next: 15%
Magic:  11/11      EV: 18    Int: 18    God:
Gold:   94         SH:  0    Dex: 15    Spells: 6/11 levels left
                                        Lives:  0   Deaths: 1

rFire   . . .      SeeInvis +     - Unarmed
rCold   . . .      Faith    .   (shield unavailable)
rNeg    . . .      Spirit   .   (armour unavailable)
rPois   .          Reflect  .   (helmet unavailable)
rElec   .          Harm     .   (cloak unavailable)
rCorr   .          Rampage  .   (gloves unavailable)
Will    .....                   (boots unavailable)
Stlth   +++.......              a - amulet of regeneration
HPRegen 1.08/turn               b - +4 ring of slaying
MPRegen 0.12/turn               g - ring of flight

@: attractive, flying, quick
A: very small, claws 1, fangs 3, see invisible, speed 1, shaggy fur 2, stealthy
paws, no weapons or thrown items, no armour, multi-lived
a: no special abilities


You were on level 4 of the Dungeon.
You visited 1 branch of the dungeon, and saw 6 of its levels.

You collected 199 gold pieces.
You spent 105 gold pieces at shops.

Inventory:

Jewellery
 a - an amulet of regeneration (around neck)
 b - a +4 ring of slaying (left paw)
 f - an amulet of reflection
 g - a ring of flight (right paw)
Wands
 c - a wand of paralysis (3)
 n - a wand of iceblast (6)
Scrolls
 h - a scroll of magic mapping {unknown}
 j - 2 scrolls of teleportation
 k - a scroll of vulnerability
 l - a scroll of amnesia {unknown}
 m - a scroll of immolation {unknown}
 o - a scroll of blinking
Potions
 d - a potion of invisibility
 e - a potion of attraction
 i - 3 potions of curing {unknown}


   Skills:
 - Level 2.0 Fighting
 - Level 4.0 Dodging
 - Level 4.0 Stealth
 - Level 4.0 Unarmed Combat
 - Level 3.0 Spellcasting
 - Level 0.8 Conjurations
 - Level 1.0 Summonings
 - Level 1.5 Translocations
 + Level 3.4 Evocations


You had 6 spell levels left.
You knew the following spells:

 Your Spells              Type           Power      Damage    Failure   Level
a - Magic Dart            Conj           20%        1d4       12%         1
b - Call Imp              Summ           6%         N/A       16%         2
c - Blink                 Tloc           N/A        N/A       13%         2

Your spell library contained the following spells:

 Spells                   Type           Power      Damage    Failure   Level
 Apportation              Tloc           16%        N/A       9%          1
 Ensorcelled Hibernation  Hex/Ice        4%         N/A       24%         2
 Slow                     Hex            2%         N/A       24%         2
 Conjure Flame            Conj/Fire      4%         6-21      38%         3
 Mephitic Cloud           Conj/Pois/Air  3%         N/A       41%         3
 Spider Form              Tmut/Pois      1%         N/A       43%         3
 Alistair's Intoxication  Tmut/Pois      1%         N/A       99%         5
 Invisibility             Hex            1%         N/A       100%        6
 Shadow Creatures         Summ           N/A        N/A       100%        6


Dungeon Overview and Level Annotations

Branches:
Dungeon (6/15)
 Temple: D:4-7

Altars:
Kikubaaqudgha

Shops:
D:2 *   D:5 (

Annotations:
D:2 Sigmund
D:3 2 runed translucent doors, p0werm0de's ghost, amateur GrFi
D:6 exclusion: sky beast


Innate Abilities, Weirdness & Mutations

You have sharp claws.
You have razor-sharp teeth.
You have supernaturally acute eyesight. (SInv)
You cover ground quickly. (Speed+)
You are covered in thick fur. (AC +2)
Your paws help you pounce on unaware monsters.
You are incapable of wielding weapons or throwing items.
You cannot wear armour.
You gain extra lives every three experience levels.


Message History

Ouch! That really hurt!
* * * LOW HITPOINT WARNING * * *
The centaur is pulled toward you!
Unknown command.
You scratch the centaur.
The centaur is lightly wounded.
The centaur unwields a +0 shortbow.
The centaur hits you.
* * * LOW HITPOINT WARNING * * *
The centaur misses you.
You scratch the centaur but do no damage.
The centaur is lightly wounded.
The centaur misses you. The centaur barely misses you. The centaur hits you.
* * * LOW HITPOINT WARNING * * *
The centaur completely misses you.
Unknown command.
You scratch the centaur. You bite the centaur.
The centaur is heavily wounded.
The centaur closely misses you. The centaur misses you.
You claw the centaur!
The centaur is severely wounded.
The centaur misses you. The centaur kicks you.
* * * LOW HITPOINT WARNING * * *
The centaur misses you. x2
Unknown command.
You scratch the centaur.
The centaur is almost dead.
The centaur hits you.
* * * LOW HITPOINT WARNING * * *
The centaur kicks you.
* * * LOW HITPOINT WARNING * * *
Unknown command.
You scratch the centaur.
The centaur is almost dead.
The centaur completely misses you. The centaur kicks you.
* * * LOW HITPOINT WARNING * * *
Unknown command.
You barely miss the centaur.
The centaur is almost dead.
The centaur hits you.
You die...

## #......###.... .##
#.............
..#####..##.........
....#....###....### ###
.........##...### ....
..............## .....
...............## #..c..
#...............## #......
###..<#..#......@###.......
# ##.....###.....c.........
# ###...# ##.............. #
##..## ##.....#.............
#
##...####....###............
## ##[..........##
#...........
.####............#
#........<.
............###..##
##.......... ............#
##..####...........


You could see a centaur.

Vanquished Creatures
  A sky beast (D:5)
  A scorpion (D:5)
  A centaur zombie (D:6)
  A hound (D:4)
  A bullfrog zombie (D:6)
  An orc priest (D:4)
  A howler monkey zombie (D:4)
  2 gnolls (D:3)
  3 adders (D:3)
  7 orcs
  3 ball pythons
  3 bats
  6 endoplasms
  2 giant cockroaches
  4 goblins
  6 hobgoblins
  12 jackals
  2 quokkas
  4 frilled lizards
  6 kobolds
  6 rats
73 creatures vanquished.

Vanquished Creatures (collateral kills)
  A jelly (D:5)
  5 adders
  A worm (D:2)
  3 orcs
  A ball python (D:3)
11 creatures vanquished.

Grand Total: 84 creatures vanquished

Notes
Turn   | Place    | Note
-------+----------+-------------------------------------------
     0 | D:1      | tilp the Felid Hedge Wizard began the quest for the Orb.
     0 | D:1      | Reached XP level 1. HP: 7/7 MP: 5/5
   353 | D:1      | Reached skill level 1 in Unarmed Combat
   570 | D:1      | Reached XP level 2. HP: 5/12 MP: 0/7
   728 | D:1      | Learned a level 2 spell: Call Imp
   731 | D:1      | Learned a level 2 spell: Blink
  1130 | D:1      | Reached skill level 1 in Fighting
  1829 | D:2      | Found an ancient bone altar of Kikubaaqudgha.
  1853 | D:2      | Reached XP level 3. HP: 15/15 MP: 6/8
  2166 | D:2      | Noticed Sigmund
  2490 | D:2      | Found Muuskou's Assorted Antiques.
  2499 | D:2      | Bought a scroll labelled REAPPIA PE WIU for 21 gold pieces
  3067 | D:2      | Bought a scroll labelled APNURA UWONETI for 21 gold pieces
  3472 | D:3      | Reached XP level 4. HP: 6/19 MP: 2/9
  3580 | D:3      | Found a faded altar of an unknown god.
  3581 | D:3      | Noticed a golden eye
  3586 | D:3      | Noticed a golden eye
  3586 | D:3      | Noticed a floating eye
  3586 | D:3      | Noticed a great orb of eyes
  4351 | D:3      | Found a large runed translucent door.
  4351 | D:3      | Found a large runed translucent door.
  4351 | D:3      | Noticed p0werm0de's ghost (amateur GrFi)
  4985 | D:2      | Bought a scroll labelled GOTUAM KESO for 21 gold pieces
  4985 | D:2      | Bought a scroll labelled JUFAYZ DOW QAV for 21 gold pieces
  4985 | D:2      | Bought a scroll labelled JUFAYZ DOW QAV for 21 gold pieces
  5184 | D:4      | You are sucked into a shaft and drop 2 floors!
  5187 | D:6      | Noticed a wraith
  5204 | D:6      | Slain by a wraith
  5205 | D:6      | Reached XP level 3. HP: -2/16 MP: 2/8
  5219 | D:6      | Noticed a sky beast
  5239 | D:6      | Reached XP level 4. HP: 10/19 MP: 3/9
  5393 | D:5      | Entered Level 5 of the Dungeon
  5400 | D:5      | Reached XP level 5. HP: 22/22 MP: 0/10
  5401 | D:5      | Noticed a sky beast
  5409 | D:5      | Killed a sky beast
  5410 | D:5      | Reached skill level 1 in Evocations
  5513 | D:5      | Found Noliops's Weapon Shop.
  5930 | D:4      | Gained mutation: You are covered in thick fur. (AC +2)
                  | [Felid growth]
  5930 | D:4      | Reached XP level 6. HP: 18/26 MP: 3/11
  6231 | D:4      | HP: 1/26 [centaur (1)]
  6233 | D:4      | Slain by a centaur

Illustrated notes

Levels and vault maps discovered:
D:1:      mrwooster_arrival_statue_2, layout_basic
D:2:      layout_basic, basic_altar, serial_shops,
          nicolae_shop_overgrown_old_shop, st_stairs_3, minmay_misc_feat_room,
          minmay_misc_feat_more_columns, kennysheep_decorative_pillar,
          palyth_stone_intersect, minmay_pentomino_z2, uniq_sigmund
D:3:      minmay_chambers_of_threes, layout_basic,
          hellmonk_ecumenical_altar_watching_god, ebering_ghost_disaster_area,
          minmay_bisected
D:4:      layout_layer_cave
D:5:      cheibrodos_barr_body, layout_basic, serial_shops, shop
D:6:      layout_gridville

Skill      XL: |  1  2  3  4  5 |
---------------+----------------+-----
Unarmed Combat | 1 2 3 4 |  4.0
Fighting       | 1 2 |  2.0
Dodging        | 3 4 |  4.0
Stealth        | 3 4 |  4.0
Evocations     | 3 |  3.4
Spellcasting   | |  3.0
Conjurations   | |  0.8
Summonings     | |  1.0
Translocations | |  1.5

Action                   |  1- 3 |  4- 6 || total
-------------------------+-------+-------++-------
Melee: Unarmed           |   106 |    90 ||   196
       Bite              |     7 |     5 ||    12
       Punch             |     1 |       ||     1
 Cast: Magic Dart        |    52 |     9 ||    61
       Call Imp          |    11 |    28 ||    39
       Blink             |       |     1 ||     1
Evoke: Wand              |       |     1 ||     1
  Use: Scroll            |     5 |     5 ||    10
       Potion            |       |     1 ||     1
 Stab: Sleeping          |     1 |     2 ||     3
       Distracted        |       |     1 ||     1
Armor: Skin              |     5 |     8 ||    13
Dodge: Dodged            |    91 |    69 ||   160

Table legend: (Time is in decaauts)
 A = Elapsed time spent in this place.
 B = Non-inter-level travel time spent in this place.
 C = Inter-level travel time spent in this place.
 D = Time resting spent in this place.
 E = Time spent auto-exploring this place.
 F = Levels seen in this place.
 G = Mean time per level.
                   A        B        C        D        E       F      G
               +--------+--------+--------+--------+--------+-----+--------+
         Total |   5618 |   5275 |    343 |   2418 |   1909 |   6 |  936.3 |
       Dungeon |   5618 |   5275 |    343 |   2418 |   1909 |   6 |  936.3 |
               +--------+--------+--------+--------+--------+-----+--------+

Top non-repeatable levels by time:
     D:1: 1726 daAuts
     D:3: 1477 daAuts
     D:2: 1456 daAuts
     D:4: 428 daAuts
     D:5: 333 daAuts
     D:6: 196 daAuts
